 Dungeon Crawl Stone Soup version 0.25-a0-737-g26c3a87c45 (webtiles) character file.

Game seed: 725911325941713909, levelgen mode: classic

3574 Amnesiac the Zephyrmancer (level 9, 0/62 HPs)
             Began as a Demigod Air Elementalist on Apr 12, 2020.
             Slain by a wolf (7 damage)
             ... led by Grum
             ... on level 8 of the Dungeon.
             The game lasted 00:13:17 (8692 turns).

Amnesiac the Zephyrmancer (DgAE)                    Turns: 8692, Time: 00:13:18

Health: 0/62       AC:  4    Str: 11    XL:     9   Next: 54%
Magic:  10/25      EV: 12    Int: 25    God:
Gold:   690        SH:  0    Dex: 20    Spells: 17/24 levels left

rFire    . . .     SeeInvis .   a - +1 dagger (venom)
rCold    . . .     Gourm    .   (no shield)
rNeg     + . .     Faith    .   u - +0 robe
rPois    .         Spirit   .   w - +0 helmet
rElec    .         Reflect  .   r - +0 cloak
rCorr    .         Harm     .   (no gloves)
MR       .....                  (no boots)
Stlth    ++........             (no amulet)
HPRegen  0.20/turn              d - +4 ring of dexterity
MPRegen  0.19/turn              m - ring of positive energy

@: about to teleport
A: high mp 1
a: no special abilities


You were on level 8 of the Dungeon.
You were not hungry.

You visited 1 branch of the dungeon, and saw 8 of its levels.
You also visited: Bailey.

You collected 690 gold pieces.

Inventory:

Hand Weapons
 a - a +1 dagger of venom (weapon)
 b - a +3 quarterstaff of chaos
 y - a +1 whip of electrocution
Missiles
 f - 18 poisoned darts (quivered)
Armour
 r - a +0 cloak (worn)
 u - a +0 robe (worn)
 w - a +0 helmet (worn)
Jewellery
 d - a +4 ring of dexterity (left hand)
 h - an uncursed ring of flight
 m - a ring of positive energy (right hand)
 p - an uncursed amulet of guardian spirit
 B - an uncursed ring of protection from fire {unknown}
 D - an uncursed ring of stealth {unknown}
Wands
 j - a wand of disintegration (29)
 v - a wand of random effects (31)
 z - a wand of polymorph (12)
 E - a wand of paralysis (13)
 G - a wand of acid (20)
Scrolls
 e - 5 scrolls of enchant weapon {!r}
 l - 3 scrolls of remove curse {!r}
 n - 11 scrolls of identify {!r}
 s - 3 scrolls of teleportation {!r}
 x - 2 scrolls of enchant armour {!r, unknown}
 A - 3 scrolls of immolation {!r, unknown}
 C - a scroll of brand weapon {!r, unknown}
 F - a scroll of fog {!r}
 H - a scroll of fear {!r}
 I - a scroll of vulnerability {!r, unknown}
 K - a scroll of acquirement {!r, unknown}
Potions
 g - 7 potions of curing {!q}
 i - 3 potions of heal wounds {!q}
 k - a potion of brilliance {!q, unknown}
 o - a potion of degeneration {!q, unknown}
 q - 3 potions of haste {!q, unknown}
 t - 2 potions of flight {!q, unknown}
Comestibles
 c - 9 rations
 J - 4 chunks of flesh


   Skills:
 - Level 1.7 Dodging
 - Level 1.7 Stealth
 + Level 8.2 Spellcasting
 - Level 0.8 Conjurations
 - Level 10.0 Air Magic


You had 17 spell levels left.
You knew the following spells:

 Your Spells              Type           Power        Failure   Level  Hunger
a - Shock                 Conj/Air       ####         1%          1    None
e - Airstrike             Air            ######....   1%          4    ##.....
z - Swiftness             Chrm/Air       #####...     1%          2    None

Your spell library contained the following spells:

 Spells                   Type           Power        Failure   Level  Hunger
 Poisonous Vapours        Pois/Air       #####.       1%          2    None
 Static Discharge         Conj/Air       #####...     1%          3    None
 Mephitic Cloud           Conj/Pois/Air  ####....     4%          3    None
 Corona                   Hex            ##.....      6%          1    None
 Ensorcelled Hibernation  Hex/Ice        ##....       9%          2    None
 Conjure Flame            Conj/Fire      ##......     16%         3    None
 Dazzling Flash           Conj/Hex       ##....       16%         3    None
 Lightning Bolt           Conj/Air       #####.....   17%         5    ####...
 Confusing Touch          Hex            ##......     19%         3    None
 Tukima's Dance           Hex            ##......     19%         3    None
 Freezing Cloud           Conj/Ice/Air   ####......   90%         6    ######.
 Ring of Flames           Chrm/Fire      ##........   100%        7    #######


Dungeon Overview and Level Annotations

Branches:
Dungeon (8/15)             Temple (0/1) D:7          Bailey (visited)
   Lair: D:8-11

Shops:
D:5 [   D:6 *   D:7 %


Innate Abilities, Weirdness & Mutations

You have an increased reservoir of magic. (+10% MP)


Message History

You open the door.
There is an open door here.
You open the door.
There is an open door here.
As you open the door, it creaks loudly! 2 wolves and Grum come into view.
You hear a howl!
Grum growls angrily.
A wolf comes into view. x2
The wolf moves out of view.
The wolf howls!
There are monsters nearby!
Casting: Airstrike (safe; 1% risk of failure)
Confirm with . or Enter, or press ? or * to list all spells.
Aiming: Airstrike (safe; 1% risk of failure)
Press: ? - help, Dir - move target cursor, f - Grum
Aim: Grum, wielding a -1 spear and wearing a +0 animal skin The air twists around and strikes Grum!
Grum is moderately wounded.
The wolf closely misses you.
Casting: Airstrike (safe; 1% risk of failure)
Confirm with . or Enter, or press ? or * to list all spells.
Aiming: Airstrike (safe; 1% risk of failure)
Press: ? - help, Dir - move target cursor, f/p - Grum
Aim: Grum, wielding a -1 spear and wearing a +0 animal skin (moderately wounded)
The air twists around and strikes Grum!
Grum is heavily wounded.
Casting: Airstrike (safe; 1% risk of failure)
Confirm with . or Enter, or press ? or * to list all spells.
Aiming: Airstrike (safe; 1% risk of failure)
Press: ? - help, Dir - move target cursor, f/p - Grum
Aim: Grum, wielding a -1 spear and wearing a +0 animal skin (heavily wounded)
Okay, then.
The wolf bites you. The wolf misses you. The wolf bites you!
Casting: Airstrike (safe; 1% risk of failure)
Confirm with . or Enter, or press ? or * to list all spells.
Aiming: Airstrike (safe; 1% risk of failure)
Press: ? - help, Dir - move target cursor, f/p - Grum
Aim: Grum, wielding a -1 spear and wearing a +0 animal skin (heavily wounded)
The air twists around and strikes Grum!
Grum is severely wounded.
The wolf barely misses you. The wolf bites you! x2
* * * LOW HITPOINT WARNING * * *
The wolf bites you.
* * * LOW HITPOINT WARNING * * *
Casting: Airstrike (safe; 1% risk of failure)
Confirm with . or Enter, or press ? or * to list all spells.
Aiming: Airstrike (safe; 1% risk of failure)
Press: ? - help, Dir - move target cursor, f/p - Grum
Aim: Grum, wielding a -1 spear and wearing a +0 animal skin (severely wounded)
The air twists around and strikes Grum!
You kill Grum!
The wolf bites you.
* * * LOW HITPOINT WARNING * * *
The wolf barely misses you. x2; The wolf bites you.
* * * LOW HITPOINT WARNING * * *
Really read
s - 4 scrolls of teleportation {!r}?
As you read the scroll of teleportation {!r}, it crumbles to dust.
You feel strangely unstable. The wolf closely misses you. The wolf misses you.
The wolf closely misses you. The wolf bites you.
* * * LOW HITPOINT WARNING * * *
The wolf bites you.
* * * LOW HITPOINT WARNING * * *
The wolf bites you!
You die...

.............#.....#.............
.............'.....'........##+##
.............#.....#........#....
.............#....(#...##...#....
.............#.....######'###....
###########'##.....# +....#....
####....##.........# .#....#....
.........#.......h.# ..#....'....
.........#......@h.#...##...#....
.........#......hh.)...######....
##....##.#.........#....# #....
#####'##.#####.....# ...# #....
......#......#.....###### #....
##....#......#..........# #....
##....#......#..........# #....
......+......#..........# #####
......#......'..........#


You could see 4 wolves.

Vanquished Creatures
  Pikel (D:4)
  The ghost of KennyOmg the Cleaver, a novice MiBe of Trog (D:5)
  Sigmund (D:4)
  A wyvern (D:8)
  Grum (D:8)
  3 orc warriors (Bailey)
  2 slaves (D:4)
  2 necrophages
  5 centaurs
  2 ogres
  5 bullfrogs
  A scorpion (D:6)
  2 crimson imps
  2 orc priests (D:5)
  4 orc wizards
  Crazy Yiuf (D:3)
  A bullfrog skeleton (D:4)
  4 iguanas
  Terence (D:2)
  Natasha (thrice) (D:3)
  2 worker ants
  2 hound skeletons
  Robin (D:4)
  A worker ant zombie (D:8)
  8 gnolls
  10 adders
  3 worms
  5 dart slugs
  2 leopard geckos
  23 orcs
  3 ball pythons
  3 bats
  A giant cockroach (D:1)
  11 goblins
  7 hobgoblins
  8 jackals (D:5)
  17 kobolds
  6 quokkas
  2 frilled lizards
  3 leopard gecko skeletons
  7 rats
168 creatures vanquished.

Notes
Turn   | Place    | Note
-------+----------+-------------------------------------------
     0 | D:1      | Amnesiac the Demigod Air Elementalist began the quest for
                  | the Orb.
     0 | D:1      | Reached XP level 1. HP: 14/14 MP: 5/5
    92 | D:1      | Reached skill level 3 in Air Magic
   350 | D:1      | Reached XP level 2. HP: 20/20 MP: 1/7
   372 | D:1      | Learned a level 2 spell: Swiftness
  1261 | D:2      | Noticed Terence
  1485 | D:2      | Reached XP level 3. HP: 22/26 MP: 7/9
  1718 | D:2      | Killed Terence
  1952 | D:2      | Reached skill level 4 in Air Magic
  2112 | D:2      | Reached XP level 4. HP: 33/33 MP: 4/10
  2118 | D:2      | Learned a level 4 spell: Airstrike
  2241 | D:3      | Noticed Natasha
  2245 | D:3      | Killed Natasha
  2329 | D:3      | Noticed Natasha
  2341 | D:3      | Killed Natasha
  2527 | D:3      | Found a runed translucent door.
  2528 | D:3      | Noticed Crazy Yiuf
  2606 | D:3      | Noticed Natasha
  2610 | D:3      | Killed Natasha
  2610 | D:3      | Reached XP level 5. HP: 38/38 MP: 2/12
  2900 | D:3      | Killed Crazy Yiuf
  2948 | D:4      | Noticed Robin
  3076 | D:4      | Reached skill level 5 in Air Magic
  3440 | D:4      | Killed Robin
  3493 | D:4      | Noticed a slave
  3514 | D:4      | Killed a slave
  3604 | D:4      | Noticed Sigmund
  3739 | D:4      | Killed Sigmund
  3739 | D:4      | Reached skill level 6 in Air Magic
  3739 | D:4      | Reached XP level 6. HP: 45/45 MP: 1/14
  4123 | D:4      | Noticed Pikel
  4151 | D:4      | Killed Pikel
  4151 | D:4      | Reached skill level 7 in Air Magic
  4151 | D:4      | Reached XP level 7. HP: 35/50 MP: 1/17
  4336 | D:5      | Entered Level 5 of the Dungeon
  4343 | D:5      | Found a bloodstained altar of Trog.
  4362 | D:5      | Found Othid's Armour Shop.
  4748 | D:5      | Reached skill level 5 in Spellcasting
  4864 | D:5      | Reached XP level 8. HP: 57/57 MP: 10/19
  5123 | D:5      | Found a runed translucent gate.
  5123 | D:5      | Found a runed translucent gate.
  5125 | D:5      | Found a runed translucent gate.
  5125 | D:5      | Found an opulent altar of Gozag.
  5125 | D:5      | Noticed KennyOmg's ghost (novice MiBe)
  5534 | D:5      | Reached skill level 8 in Air Magic
  5541 | D:5      | Killed KennyOmg's ghost
  5774 | D:6      | Reached skill level 9 in Air Magic
  5882 | D:6      | Found a stormy altar of Qazlal.
  6394 | D:6      | Found Meoqiugo's General Store.
  6492 | D:6      | Found a shadowy altar of Dithmenos.
  6492 | D:6      | Found a blossoming altar of Fedhas.
  6810 | D:7      | Identified a paperback manual
  6833 | D:7      | Reached XP level 9. HP: 54/62 MP: 12/22
  6836 | D:7      | Found a flagged portal.
  6888 | Bailey   | Entered a bailey
  7183 | Bailey   | Reached skill level 10 in Air Magic
  7269 | Bailey   | Found a bloodstained altar of Trog.
  7423 | D:7      | Found a staircase to the Ecumenical Temple.
  7489 | D:7      | Found Beohopham's Food Shoppe.
  7789 | D:7      | Found a shimmering altar of Xom.
  8685 | D:8      | Noticed Grum
  8690 | D:8      | Killed Grum
  8692 | D:8      | Slain by a wolf

Levels and vault maps discovered:
D:1:      saegor_arrival_under_anarchy, layout_loops_ring, corner_web_ring
D:2:      layout_basic, uniq_terence
D:3:      layout_loops_ring, uniq_crazy_yiuf_cottage, uniq_natasha
D:4:      layout_loops_ring, first_ration, uniq_robin, uniq_sigmund, uniq_pikel
D:5:      layout_basic, serial_shops, shop, ebering_ghost_gozag, trog_book
D:6:      layout_loops_cross, nicolae_overflow_hidden_temple, serial_shops,
          shop_fountains, serial_park_tiny_pond
D:7:      layout_loops_corners, temple_green, enter_bailey_2, basic_altar,
          serial_shops, shop
D:8:      layout_gridville, uniq_grum

Skill      XL: |  1  2  3  4  5  6  7  8  9 |
---------------+----------------------------+-----
Air Magic      | 3 4 6 7 9 10 | 10.0
Spellcasting   | 2 3 4 5 6 8 |  8.2
Dodging        | |  1.7
Stealth        | |  1.7
Conjurations   | |  0.8

Action                   |  1- 3 |  4- 6 |  7- 9 || total
-------------------------+-------+-------+-------++-------
Melee: Unarmed           |     1 |     2 |       ||     3
       Quarterstaff      |       |    24 |       ||    24
       Dagger            |       |    12 |    71 ||    83
 Cast: Shock             |    82 |    39 |    17 ||   138
       Swiftness         |     1 |     1 |       ||     2
       Airstrike         |       |    31 |    98 ||   129
  Use: Scroll            |     8 |       |     1 ||     9
       Potion            |     1 |     2 |       ||     3
 Stab: Paralysed         |       |     1 |       ||     1
       Sleeping          |       |       |     3 ||     3
  Eat: Chunk             |     4 |    12 |    25 ||    41
Armor: Robe              |     6 |     3 |    27 ||    36
       Skin              |       |     2 |       ||     2
Dodge: Dodged            |    38 |    26 |    79 ||   143

Table legend:
 A = Non-vault XP
 B = Vault XP
 C = Vault XP percentage of total XP
 D = Non-vault monster count
 E = Vault monster count
 F = Vault count percentage of total count
                 A         B        C        D         E       F
            +---------+---------+-------+---------+---------+-------
      Total |    2789 |    2317 |  45.4 |     131 |      35 |  21.1
            +---------+---------+-------+---------+---------+-------
        D:1 |      29 |       0 |   0.0 |      15 |       0 |   0.0
        D:2 |      56 |      36 |  39.1 |      19 |       1 |   5.0
        D:3 |      97 |      75 |  43.6 |       9 |       2 |  18.2
        D:4 |     245 |     872 |  78.1 |      14 |      13 |  48.1
        D:5 |     322 |     716 |  69.0 |      31 |       2 |   6.1
        D:6 |     791 |       0 |   0.0 |      23 |       0 |   0.0
        D:7 |     692 |       0 |   0.0 |      13 |       0 |   0.0
        D:8 |     557 |     194 |  25.8 |       7 |       1 |  12.5
     Bailey |       0 |     424 | 100.0 |       0 |      16 | 100.0
            +---------+---------+-------+---------+---------+-------
